 Dungeon Sprint DCSS version 0.22-a0-265-g0d8bc90 (webtiles) character file.

112 Ghella the Skirmisher (level 4, -11/78 HPs)
             Began as a Troll Berserker on Mar 7, 2018.
             Was a Believer of Trog.
             Killed from afar by an oklob sapling wizard (13 damage)
             ... with a splash of acid
             ... in the Dungeon (Sprint IV: "Fedhas' Mad Dash").
             The game lasted 00:01:59 (390 turns).

Ghella the Skirmisher (Troll Berserker)              Turns: 390, Time: 00:02:00

Health: -11/78     AC:  1    Str: 31    XL:     4   Next: 63%
Magic:  1/3        EV: 11    Int:  3    God:    Trog [**....]
Gold:   56         SH:  0    Dex:  9    Spells: 3/3 levels left

rFire    . . .     SeeInvis .   a - +0 mace
rCold    . . .     Gourm    +   (no shield)
rNeg     . . .     Faith    .   b - +0 animal skin
rPois    .         Spirit   .   (helmet restricted)
rElec    .         Reflect  .   (no cloak)
rCorr    .         Harm     .   (gloves unavailable)
MR       .....     NoTele   +   (boots unavailable)
Stlth    ..........             j - amulet of invisibility {+Inv}
HPRegen  0.63/turn              (no ring)
MPRegen  0.08/turn              (no ring)

@: berserking, corroded, very slightly contaminated, invisible, very quick
A: large, unfitting armour, claws 3, fast metabolism 3, gourmand, regeneration
1, shaggy fur 1, tough skin 2
a: Berserk, Trog's Hand, Renounce Religion


You were in the Dungeon.
You worshipped Trog.
Trog was pleased with you.
You were not hungry.

You visited 1 branch You collected 56 gold pieces.

Inventory:

Hand Weapons
 a - a +0 mace (weapon)
Armour
 b - a +0 animal skin (worn)
Jewellery
 j - the amulet of invisibility (around neck) {+Inv}
   (You found it in the Dungeon)

   [amulet of nothing]

   It lets you turn invisible.
Scrolls
 i - a scroll of blinking
Potions
 d - 2 potions of curing
 e - a potion of heal wounds
 f - a potion of haste
 g - 2 potions of magic
 h - a potion of berserk rage
Comestibles
 c - a ration


   Skills:
 * Level 5.7 Fighting
 + Level 5.1 Maces & Flails
 + Level 4.5 Dodging
 + Level 0.4 Stealth
 + Level 0.2 Evocations


You had 3 spell levels left.
You didn't know any spells.

Dungeon Overview and Level Annotations

Branches:
Dungeon (1/1)

Altars:
Cheibriados
Dithmenos
Elyvilon
Gozag
Hepliaklqana
Kikubaaqudgha
Makhleb
Nemelex Xobeh
Okawaru
Qazlal
Ru
Sif Muna
Trog
Uskayaw
Vehumet
Wu Jian
Xom
Yredelemnul
Zin
The Shining One
Beogh
Jiyva
Lugonu

Annotations:
D exclusion: oklob sapling


Innate Abilities, Weirdness & Mutations

You are too large for most types of armour.
You have claws for hands.
Your metabolism is lightning-fast.
You like to eat raw meat.
Your natural rate of healing is unusually fast.
You are covered in fur. (AC +1)
You have very tough skin. (AC +2)


Message History

The splash of acid hits you!
You are splashed with acid!
The acid burns!
A red film seems to cover your vision as you go berserk!
You feel yourself moving faster!
You feel mighty!
You feel a lot more hungry.
The oklob sapling wizard spits acid at you.
The splash of acid misses you.
You hit the oklob sapling wizard.
The oklob sapling wizard is moderately damaged.
You hit the oklob sapling wizard but do no damage.
The oklob sapling wizard is moderately damaged.
The oklob sapling wizard spits acid at you.
The splash of acid hits you!
* * * LOW HITPOINT WARNING * * *
You are splashed with acid!
The acid burns!
* * * LOW HITPOINT WARNING * * *
You are too berserk!
You hit the oklob sapling wizard.
The oklob sapling wizard is heavily damaged.
The oklob sapling wizard spits acid at you.
The splash of acid hits you!
You die...

###################
.#.⌠._._._._.⌠.#.%+
.'.._._._._._..'@P#
.#..._._._._...#..#
##.._._._._._..#.$#
#._._._._._.⌠.####
###############


You could see an oklob sapling wizard.

Vanquished Creatures
  2 oklob saplings (D)
  A worker ant (D)
  A river rat (D)
  A rat (D)
5 creatures vanquished.

Notes
Turn   | Place    | Note
-------+----------+-------------------------------------------
     0 | D        | Ghella the Troll Berserker began the quest for the Orb.
     0 | D        | Reached XP level 1. HP: 22/22 MP: 0/0
     7 | D        | Reached XP level 2. HP: 31/31 MP: 1/1
   209 | D        | Noticed an oklob sapling
   212 | D        | Killed an oklob sapling
   212 | D        | Reached ** piety under Trog
   212 | D        | Reached XP level 3. HP: 40/40 MP: 2/2
   215 | D        | Found the amulet of invisibility {+Inv}
   314 | D        | Found an opulent altar of Gozag.
   314 | D        | Found a hazy altar of Hepliaklqana.
   314 | D        | Found a burning altar of Makhleb.
   314 | D        | Found a roughly hewn altar of Beogh.
   314 | D        | Found a sparkling altar of Nemelex Xobeh.
   314 | D        | Found a snail-covered altar of Cheibriados.
   314 | D        | Found a sacrificial altar of Ru.
   314 | D        | Found a deep blue altar of Sif Muna.
   314 | D        | Found a shimmering altar of Xom.
   314 | D        | Found a basalt altar of Yredelemnul.
   315 | D        | Found a viscous altar of Jiyva.
   315 | D        | Found a bloodstained altar of Trog.
   315 | D        | Found an ornate altar of the Wu Jian Council.
   315 | D        | Noticed an oklob sapling priest
   316 | D        | Found an iron altar of Okawaru.
   316 | D        | Found a shadowy altar of Dithmenos.
   316 | D        | Found a glowing silver altar of Zin.
   317 | D        | Found an ancient bone altar of Kikubaaqudgha.
   317 | D        | Found a hide-covered altar of Uskayaw.
   318 | D        | Found a stormy altar of Qazlal.
   318 | D        | Found a white marble altar of Elyvilon.
   318 | D        | Found a glowing golden altar of the Shining One.
   319 | D        | Found a corrupted altar of Lugonu.
   319 | D        | Found a radiant altar of Vehumet.
   326 | D        | Killed an oklob sapling priest
   326 | D        | Reached skill level 5 in Fighting
   326 | D        | Reached skill level 5 in Maces & Flails
   326 | D        | Reached XP level 4. HP: 41/52 MP: 1/3
   389 | D        | HP: 1/78 [acid (17)]
   390 | D        | Killed from afar by an oklob sapling wizard

Vault maps used:
D:        dungeon_sprint_fedhas

Skill      XL: |  1  2  3 |
---------------+----------+-----
Fighting       | 3 4 5 |  5.7
Maces & Flails | 3 5 |  5.1
Dodging        | 3 4 |  4.5
Stealth        | |  0.4
Evocations     | |  0.2

Action                   |  1- 3 |  4- 6 || total
-------------------------+-------+-------++-------
Melee: Mace              |    15 |     6 ||    21
Invok: Berserk           |     2 |     1 ||     3
 Abil: Evoke Invisibilit |     1 |     1 ||     2
 Stab: Invisible         |     1 |     2 ||     3
  Eat: Chunk             |     1 |       ||     1
       Ration            |       |     1 ||     1
Armor: Animal skin       |     2 |       ||     2
Dodge: Dodged            |     3 |     1 ||     4

Table legend:
 A = Spawn XP
 B = Non-spawn XP
 C = Spawn XP percentage of total XP
 D = Spawn monster count
 E = Non-spawn monster count
 F = Spawn count percentage of total count
 G = Total turns spent on level
                    A         B        C        D         E        F      G
               +---------+---------+-------+---------+---------+-------+---------
         Total |       0 |     160 |   0.0 |       0 |       5 |   0.0 |   390
               +---------+---------+-------+---------+---------+-------+---------
             D |       0 |     160 |   0.0 |       0 |       5 |   0.0 |   390
               +---------+---------+-------+---------+---------+-------+---------
